 Dungeon Crawl Stone Soup version 0.24-a0-613-g1ff6aac338 (webtiles) character file.

Game seed: 13402999808202806222, levelgen mode: deterministic

366410 losten the Hoplite (level 21, -9/218 HPs)
             Began as a Minotaur Fighter on Sept 10, 2019.
             Was the Champion of Okawaru.
             Mangled by an acid blob (36 damage)
             ... on level 2 of the Pits of Slime.
             The game lasted 03:07:20 (41186 turns).

losten the Hoplite (Minotaur Fighter)              Turns: 41186, Time: 03:07:21

Health: -9/218     AC: 12    Str: 39    XL:     21   Next: 25%
Magic:  0/21       EV: 12    Int: 12    God:    Okawaru [******]
Gold:   2675       SH: 39    Dex: 15    Spells: 18/20 levels left

rFire    . . .     SeeInvis +   H - +8 demon blade "Leech" {vamp, rN+ AC-3 EV-3}
rCold    + . .     Gourm    .   t - +10 large shield of Ignorance {rN+ Int-4}
rNeg     + + .     Faith    .   L - +4 plate armour of Tulips {-Cast Str+6 Int+3}
rPois    +         Spirit   +   o - +2 hat {SInv}
rElec    .         Reflect  .   m - +2 cloak
rCorr    .         Harm     .   T - +2 pair of gloves of Untold Secrets {Int+7}
MR       +....     NoCast   +   Y - +2 pair of boots {Fly}
Stlth    ..........             u - amulet of guardian spirit
HPRegen  0.46/turn              M - ring of the Octopus King {rC+ AC+1 EV+1 Str+1 Int+1 Dex+1}
MPRegen  0.17/turn              c - ring of Ahargh {*Slow rPois Str+7 Slay+4 SInv}

@: corroded, flying
A: retaliatory headbutt, horns 2, deterioration 1, mutation resistance 1, robust
1, screaming 1, weak 1
}: 3/15 runes: decaying, serpentine, abyssal
a: Heroism, Finesse, Renounce Religion, Stop Flying


You were on level 2 of the Pits of Slime.
You worshipped Okawaru.
Okawaru was exalted by your worship.
You were not hungry.

You visited 8 branches of the dungeon, and saw 39 of its levels.
You visited the Abyss 4 times.
You visited 1 bazaar.
You also visited: Sewer and Ice Cave.

You collected 3348 gold pieces.
You spent 673 gold pieces at shops.

Inventory:

Hand Weapons
 h - the +3 hand crossbow of Inie {freeze, rPois rF+ Str+7}
   (Okawaru gifted it to you on level 1 of the Elven Halls)

   It causes projectiles fired from it to freeze those they strike, causing
   extra injury to most foes and up to half again as much damage against
   particularly susceptible opponents.
   They can also slow down cold-blooded creatures.
   It affects your strength (+7).
   It protects you from fire.
   It protects you from poison.
 H - the +8 demon blade "Leech" (weapon) {vamp, rN+ AC-3 EV-3}
   (Okawaru gifted it to you on level 9 of the Dungeon)

   It inflicts no extra harm, but heals its wielder when it wounds a living foe.
   It affects your AC (-3).
   It affects your evasion (-3).
   It protects you from negative energy.
 K - a +3 double sword of flaming
Missiles
 z - 9 javelins
 E - 31 silver javelins (quivered)
Armour
 a - a +3 crystal plate armour
 b - +0 fire dragon scales
 m - a +2 cloak (worn)
 o - a +2 hat of see invisible (worn)
 t - the +10 large shield of Ignorance (worn) {rN+ Int-4}
   (You took it off Louise on level 4 of the Snake Pit)

   It affects your intelligence (-4).
   It protects you from negative energy.
 C - +3 storm dragon scales {Bai Suzhen}
 L - the +4 plate armour of Tulips (worn) {-Cast Str+6 Int+3}
   (Okawaru gifted it to you on level 10 of the Dungeon)

   It affects your strength (+6).
   It affects your intelligence (+3).
   It prevents spellcasting.
 T - the +2 pair of gloves of Untold Secrets (worn) {Int+7}
   (Okawaru gifted it to you on level 13 of the Dungeon)

   It affects your intelligence (+7).
 W - a scarf of cloud immunity
 Y - a +2 pair of boots of flying (worn)
Jewellery
 c - the ring of Ahargh (right hand) {*Slow rPois Str+7 Slay+4 SInv}
   (You acquired it on level 6 of the Lair of Beasts)

   [ring of slaying]

   It affects your strength (+7).
   It affects your accuracy and damage with ranged weapons and melee attacks
   (+4).
   It protects you from poison.
   It lets you see invisible.
   It may slow you when you take damage.
 q - an uncursed ring of wizardry
 u - an amulet of guardian spirit (around neck)
 x - an uncursed ring of wizardry
 M - a ring of the Octopus King (left hand) {rC+ AC+1 EV+1 Str+1 Int+1 Dex+1}
   (You found it on level 4 of the Lair of Beasts)

   [ring of protection from cold]

   It affects your AC (+1).
   It affects your evasion (+1).
   It affects your strength (+1).
   It affects your intelligence (+1).
   It affects your dexterity (+1).
   It protects you from cold.
Wands
 G - a wand of disintegration (8)
 P - a wand of acid (30)
 U - a wand of digging (19)
 X - a wand of iceblast (12)
Scrolls
 g - a scroll of silence
 k - 13 scrolls of remove curse
 p - 10 scrolls of teleportation
 v - 10 scrolls of blinking
 D - 3 scrolls of magic mapping
 F - 14 scrolls of identify
 V - a scroll of summoning
Potions
 d - 4 potions of might
 e - 10 potions of haste
 i - a potion of invisibility
 j - 5 potions of curing
 r - 4 potions of brilliance
 s - 7 potions of heal wounds
 A - a potion of berserk rage
 J - 2 potions of cancellation
 N - 5 potions of lignification
 Q - 2 potions of resistance
Miscellaneous
 l - a lightning rod (4/4)
 n - a box of beasts
 w - a lightning rod (4/4)
 y - a lamp of fire
 Z - a fan of gales
Comestibles
 f - 43 rations


   Skills:
 + Level 19.6 Fighting
 + Level 20.9 Long Blades
 + Level 7.2 Throwing
 + Level 16.7 Armour
 + Level 8.0 Dodging
 + Level 2.7 Stealth
 + Level 25.9 Shields
 + Level 1.5 Invocations
 + Level 1.5 Evocations


You had 18 spell levels left.
You knew the following spells:

 Your Spells              Type           Power        Failure   Level  Hunger
a - Summon Small Mammal   Summ           #...         75%         1    ##.....
b - Magic Dart            Conj           #...         75%         1    ##.....

Your spell library contained the following spells:

 Spells                   Type           Power        Failure   Level  Hunger
 Animate Skeleton         Necr           N/A          75%         1    ##.....
 Apportation              Tloc           #.....       75%         1    ##.....
 Confusing Touch          Hex            #.....       75%         1    ##.....
 Flame Tongue             Conj/Fire      #....        75%         1    ##.....
 Freeze                   Ice            #...         75%         1    ##.....
 Shock                    Conj/Air       #...         75%         1    ##.....
 Sting                    Conj/Pois      #...         75%         1    ##.....
 Summon Butterflies       Summ           #.......     75%         1    ##.....
 Blink                    Tloc           N/A          86%         2    ###....
 Call Imp                 Summ           #.......     86%         2    ###....
 Ensorcelled Hibernation  Hex/Ice        #.....       86%         2    ###....
 Passwall                 Tmut/Erth      #.......     86%         2    ###....
 Poisonous Vapours        Pois/Air       #.....       86%         2    ###....
 Searing Ray              Conj           #.....       86%         2    ###....
 Shroud of Golubria       Chrm/Tloc      #.....       86%         2    ###....
 Slow                     Hex            #.......     86%         2    ###....
 Swiftness                Chrm/Air       #.......     86%         2    ###....
 Throw Frost              Conj/Ice       #.....       86%         2    ###....
 Call Canine Familiar     Summ           #.......     98%         3    ####...
 Conjure Flame            Conj/Fire      #.......     98%         3    ####...
 Dazzling Spray           Conj/Hex       #.....       98%         3    ####...
 Gell's Gravitas          Tloc           #.........   98%         3    ####...
 Ignite Poison            Fire/Tmut/Pois #.......     98%         3    ####...
 Lesser Beckoning         Tloc           #.........   98%         3    ####...
 Mephitic Cloud           Conj/Pois/Air  #.......     98%         3    ####...
 Ozocubu's Armour         Chrm/Ice       #.......     98%         3    ####...
 Static Discharge         Conj/Air       #.......     98%         3    ####...
 Summon Guardian Golem    Hex/Summ       #.......     98%         3    ####...
 Teleport Other           Tloc           #.......     98%         3    ####...
 Airstrike                Air            #.........   100%        4    #####..
 Cause Fear               Hex            #.........   100%        4    #####..
 Force Lance              Conj/Tloc      #.......     100%        4    #####..
 Fulminant Prism          Conj/Hex       #.........   100%        4    #####..
 Ice Form                 Ice/Tmut       #.......     100%        4    #####..
 Iskenderun's Mystic Bla  Conj           #.......     100%        4    #####..
 Leda's Liquefaction      Hex/Erth       #.........   100%        4    #####..
 Olgreb's Toxic Radiance  Pois           #.......     100%        4    #####..
 Passage of Golubria      Tloc           N/A          100%        4    #####..
 Summon Ice Beast         Ice/Summ       #.......     100%        4    #####..
 Summon Lightning Spire   Summ/Air       #.......     100%        4    #####..
 Throw Icicle             Conj/Ice       #.......     100%        4    #####..
 Agony                    Necr           #.......     100%        5    ######.
 Aura of Abjuration       Summ           #.........   100%        5    ######.
 Bolt of Magma            Conj/Fire/Erth #.........   100%        5    ######.
 Borgnjor's Vile Clutch   Necr/Erth      #.........   100%        5    ######.
 Excruciating Wounds      Chrm/Necr      #.........   100%        5    ######.
 Fireball                 Conj/Fire      #.........   100%        5    ######.
 Iskenderun's Battlesphe  Conj/Chrm      #.......     100%        5    ######.
 Lee's Rapid Deconstruct  Erth           #.........   100%        5    ######.
 Lightning Bolt           Conj/Air       #.........   100%        5    ######.
 Metabolic Englaciation   Hex/Ice        #.........   100%        5    ######.
 Silence                  Hex/Air        #.........   100%        5    ######.
 Summon Mana Viper        Hex/Summ       #.......     100%        5    ######.
 Venom Bolt               Conj/Pois      #.........   100%        5    ######.
 Yara's Violent Unravell  Hex/Tmut       #.........   100%        5    ######.
 Bolt of Cold             Conj/Ice       #.........   100%        6    #######
 Bolt of Fire             Conj/Fire      #.........   100%        6    #######
 Darkness                 Hex            #.........   100%        6    #######
 Deflect Missiles         Chrm/Air       #.........   100%        6    #######
 Freezing Cloud           Conj/Ice/Air   #.........   100%        6    #######
 Invisibility             Hex            #.......     100%        6    #######
 Iron Shot                Conj/Erth      #.........   100%        6    #######
 Ozocubu's Refrigeration  Ice            #.........   100%        6    #######
 Shadow Creatures         Summ           N/A          100%        6    #######
 Simulacrum               Ice/Necr       #.........   100%        6    #######
 Statue Form              Tmut/Erth      #........    100%        6    #######
 Dragon Form              Tmut           #.........   100%        7    #######
 Malign Gateway           Summ/Tloc      #.........   100%        7    #######
 Orb of Destruction       Conj           #.........   100%        7    #######
 Ring of Flames           Chrm/Fire      #.........   100%        7    #######
 Spellforged Servitor     Conj/Summ      #.........   100%        7    #######
 Summon Hydra             Summ           #.........   100%        7    #######
 Discord                  Hex            #.........   100%        8    #######
 Ignition                 Fire           #.........   100%        8    #######
 Dragon's Call            Summ           #.........   100%        9    #######
 Shatter                  Erth           #.........   100%        9    #######
 Tornado                  Air            #.........   100%        9    #######


Dungeon Overview and Level Annotations

Branches:
Dungeon (15/15)            Temple (1/1) D:7            Lair (6/6) D:8
  Swamp (4/4) Lair:4        Snake (4/4) Lair:3        Slime (4/5) Lair:6
    Orc (2/2) D:10            Elf (3/3) Orc:2        Vaults (0/5) D:13
 Depths (0/5) D:15          Sewer (visited)           IceCv (visited)

Altars:
Ashenzari
Cheibriados
Dithmenos
Elyvilon
Fedhas
Gozag
Kikubaaqudgha
Makhleb
Okawaru
Qazlal
Ru
Sif Muna
Trog
Uskayaw
Vehumet
Wu Jian
Xom
Yredelemnul
Zin
Beogh
Jiyva

Shops:
Orc:2 ?!}(:   Elf:2 }%   Snake:1 ??%[   Snake:2 }*=*   Snake:3 *   Snake:4 :


Innate Abilities, Weirdness & Mutations

You reflexively headbutt those who attack you in melee.
You have a pair of horns on your head.
Your body sometimes deteriorates upon taking damage.
You are somewhat resistant to further mutation.
You are robust. (+10% HP)
You occasionally shout uncontrollably at your foes.
You are weak. (Str -2)


Message History

The azure jelly hits you but does no damage.
The azure jelly hits you.
* * * LOW HITPOINT WARNING * * *
The azure jelly closely misses you.
You are splashed with acid!
* * * LOW HITPOINT WARNING * * *
You feel less confused. The acid blob hits you!!
* * * LOW HITPOINT WARNING * * *
You are splashed with acid!
* * * LOW HITPOINT WARNING * * *
You feel much better.
You are splashed with acid!
* * * LOW HITPOINT WARNING * * *
You block the acid blob's attack. You block the azure jelly's attack. x2
The azure jelly hits you.
* * * LOW HITPOINT WARNING * * *
The azure jelly hits you.
* * * LOW HITPOINT WARNING * * *
The acid blob hits you!!!
You die...

## # ## #.## ..#.#
##...###
.....##.#....## .
#.#...........##.#
##....#...........
.......@.......#.#
##.....JJ........#
#......G..>.......
##............<...
#................
##.......###.....
####...## #.#.#
#.... ..## ##...
##


You could see an acid blob, an azure jelly and an eye of devastation.

Vanquished Creatures
  An ancient lich (Abyss:3)
  Bai Suzhen (Elf:3)
  Jorgrun (Swamp:2)
  A deep elf blademaster (Elf:3)
  2 deep elf master archers (Elf:3)
  A quicksilver dragon (Abyss:3)
  2 tentacled starspawn
  A thorn hunter (Swamp:3)
  7 acid blobs
  A storm dragon (Elf:1)
  Kirke (Snake:4)
  2 azure jellies
  A daeva (Abyss:2)
  11 deep elf sorcerers
  8 nagarajas
  Louise (Snake:4)
  An iron dragon (Elf:1)
  Aizul (Snake:1)
  3 cacodemons (Abyss:3)
  6 deep elf elementalists (Elf:3)
  Nessos (D:13)
  9 deep elf annihilators (Elf:3)
  4 deep elf demonologists
  A dire elephant (Lair:6)
  The ghost of Dyst the Fighter, a journeyman GrFi of Okawaru (Lair:3)
  2 deep elf death magi (Elf:3)
  Snorg (Orc:2)
  Josephine (D:10)
  3 fire dragons
  A death ooze (Slime:3)
  3 great orbs of eyes
  Erolcha (Orc:2)
  9 deep elf high priests
  Harold (D:11)
  Fannar (D:11)
  6 shambling mangroves
  3 ogre magi
  19 hydras
  A ghost crab (Swamp:2)
  A death knight (D:12)
  2 catoblepae (Lair:6)
  24 naga warriors
  2 centaur warriors
  Erica (Orc:1)
  13 death yaks
  21 anacondas
  27 dancing weapons
  10 two-headed ogres
  A deep troll shaman (Lair:6)
  19 alligators
  A tengu warrior (D:15)
  2 thrashing horrors
  Urug (D:10)
  10 naga sharpshooters
  2 orc high priests
  3 spriggans
  7 shock serpents
  21 deep elf knights
  Nergalle (Orc:2)
  A wretched star (Abyss:2)
  8 salamander mystics
  A skeletal warrior (D:12)
  A spatial maelstrom (Abyss:3)
  2 spriggan druids
  An unseen horror (D:13)
  A swamp dragon (shapeshifter) (Elf:3)
  4 lindwurms (Snake:4)
  3 wizards
  A glowing orange brain (Slime:3)
  27 deep elf archers
  11 swamp dragons
  7 naga ritualists
  3 orc knights
  64 deep elf magi
  2 necromancers
  18 mana vipers
  Pikel (D:8)
  9 shining eyes
  16 orc sorcerers
  2 manticores (D:13)
  17 salamanders
  A stone giant zombie (Abyss:3)
  16 ugly things
  4 cyclopes
  2 draconians (Abyss:3)
  A centaur zombie (D:14)
  8 guardian serpents
  An apocalypse crab (Abyss:2)
  32 black mambas
  21 naga magi
  2 smoke demons
  18 spiny frogs
  3 elephants (Lair:6)
  Psyche (D:9)
  4 ice statues (IceCv)
  7 eyes of devastation
  2 gargoyles (D:14)
  An efreet (D:14)
  3 kobold demonologists (D:15)
  The ghost of MordorOrchid the Conjurer, a novice OpFE of Vehumet (D:4)
  10 ice devils
  5 komodo dragons
  2 freezing wraiths
  12 tyrant leeches
  7 trolls
  The ghost of Foonlieted the Slasher, an amateur MiGl (D:15)
  3 polar bears
  A queen bee (D:11)
  8 raiju
  5 dream sheep (Lair:5)
  7 hornets
  50 slime creatures
  Grinder (D:6)
  8 hippogriffs
  16 blink frogs
  6 bog bodies
  3 centaur simulacra
  3 air elementals
  2 vampires
  4 ynoxinuls
  2 shadows
  5 water elementals
  6 wraiths
  A wyvern (Lair:6)
  3 basilisks
  46 yaks
  6 fire bats
  4 hogs (Snake:4)
  8 golden eyes
  9 small abominations
  10 vampire mosquitoes
  2 fire elementals (Elf:3)
  3 hungry ghosts
  4 chaos spawn
  Menkaure (D:6)
  13 swamp worms
  3 large abominations
  A neqoxec (Abyss:2)
  11 insubstantial wisps (Swamp:2)
  48 nagas
  A warg (Orc:2)
  A soldier ant (D:12)
  An acid dragon (D:15)
  9 porcupines
  9 water moccasins
  2 sky beasts
  15 swamp drakes
  2 phantoms
  4 black bears
  A hornet zombie (D:12)
  7 ice beasts
  6 eyes of draining
  26 orc warriors
  15 ogres
  14 centaurs
  3 wolves (Lair:6)
  14 crocodiles
  4 big kobolds
  17 bullfrogs
  An earth elemental (Elf:1)
  2 wyvern skeletons
  5 scorpions
  37 killer bees
  7 wights
  An electric eel (D:14)
  9 crimson imps
  A lava snake (Lair:1)
  2 draconian simulacra (IceCv)
  17 starcursed masses
  2 bullfrog zombies
  3 quasits
  6 centaur skeletons
  5 jellies
  11 orc priests
  Crazy Yiuf (D:6)
  Ijyb (D:5)
  7 bullfrog skeletons
  37 orc wizards
  Jessica (D:2)
  4 iguanas
  2 troll simulacra (IceCv)
  A spriggan simulacrum (IceCv)
  8 worker ants
  A killer bee zombie (D:8)
  4 worker ant zombies (D:7)
  8 gnolls
  16 adders
  A naga simulacrum (IceCv)
  2 ogre simulacra (IceCv)
  5 shadow imps
  An ufetubus (Abyss:2)
  An ooze (D:7)
  4 adder skeletons
  12 worms
  A dart slug (D:1)
  10 leopard geckos
  126 orcs
  8 giant cockroaches
  5 goblins
  5 hobgoblins
  8 jackals
  15 kobolds
  2 quokkas (D:3)
  9 ball pythons
  7 bats
  2 frilled lizards
  A jackal zombie (D:4)
  A quokka skeleton (D:4)
  A quokka zombie (D:8)
  6 rats
  A bush (Lair:2)
  A crawling corpse (Elf:3)
  4 fungi
  3 plants
  4 starspawn tentacles
1555 creatures vanquished.

Vanquished Creatures (collateral kills)
  A spiny frog (Lair:3)
1 creature vanquished.

Vanquished Creatures (others)
  A human (Snake:4)
  A naga (Snake:2)
  A slave (D:8)
  An ogre (D:8)
  2 orc wizards
  A worker ant (D:8)
  A bush (Lair:6)
  8 fungi (Lair:6)
  5 plants
  9 starspawn tentacles
30 creatures vanquished.

Grand Total: 1586 creatures vanquished

Notes
Turn   | Place    | Note
-------+----------+-------------------------------------------
     0 | D:1      | losten the Minotaur Fighter began the quest for the Orb.
     0 | D:1      | Reached XP level 1. HP: 19/19 MP: 0/0
   115 | D:1      | Reached XP level 2. HP: 27/27 MP: 1/1
   391 | D:1      | Reached skill level 4 in Shields
   552 | D:2      | Reached XP level 3. HP: 33/33 MP: 2/2
   692 | D:2      | Reached XP level 4. HP: 21/40 MP: 3/3
   706 | D:2      | HP: 1/40 [gnoll/+0 spear (6)]
  1019 | D:2      | Noticed Jessica
  1023 | D:2      | Killed Jessica
  1309 | D:2      | Reached XP level 5. HP: 47/47 MP: 4/4
  1349 | D:2      | Found a snail-covered altar of Cheibriados.
  1351 | D:2      | Found a sacrificial altar of Ru.
  1745 | D:3      | Found an iron altar of Okawaru.
  1758 | D:3      | Became a worshipper of Warmaster Okawaru
  1952 | D:3      | You fall into a shaft and drop 2 floors!
  1952 | D:5      | Entered Level 5 of the Dungeon
  2046 | D:4      | Found a runed translucent gate.
  2060 | D:4      | Reached skill level 5 in Long Blades
  2067 | D:4      | Reached skill level 1 in Dodging
  2111 | D:4      | Found a runed translucent gate.
  2111 | D:4      | Found a runed translucent gate.
  2111 | D:4      | Noticed MordorOrchid's ghost (novice OpFE)
  2115 | D:4      | Reached skill level 5 in Armour
  2115 | D:4      | Reached XP level 6. HP: 44/53 MP: 5/5
  2257 | D:4      | Reached skill level 5 in Shields
  2274 | D:4      | Reached * piety under Okawaru
  2274 | D:4      | Reached skill level 5 in Fighting
  2371 | D:4      | HP: 2/56 [orc wizard/magic dart (3)]
  2607 | D:4      | Found a glowing drain.
  2624 | Sewer    | Entered a sewer
  2773 | Sewer    | Reached XP level 7. HP: 61/61 MP: 6/6
  3917 | D:4      | Killed MordorOrchid's ghost
  3917 | D:4      | Reached skill level 6 in Shields
  3917 | D:4      | Reached XP level 8. HP: 58/69 MP: 7/7
  4072 | D:5      | Reached skill level 1 in Throwing
  4111 | D:5      | Reached ** piety under Okawaru
  4140 | D:5      | Found a basalt altar of Yredelemnul.
  4187 | D:5      | Noticed Ijyb
  4198 | D:5      | Killed Ijyb
  4533 | D:5      | Gained mutation: You occasionally shout uncontrollably at
                  | your foes. [potion of mutation]
  4533 | D:5      | Gained mutation: You evolve. [potion of mutation]
  4533 | D:5      | Gained mutation: Your muscles are strong. (Str +2) [potion
                  | of mutation]
  4534 | D:5      | Lost mutation: Your muscles are strong. (Str +2) [potion of
                  | mutation]
  4534 | D:5      | Lost mutation: You evolve. [potion of mutation]
  4534 | D:5      | Gained mutation: Your magical capacity is low. (-10% MP)
                  | [potion of mutation]
  4534 | D:5      | Gained mutation: You are robust. (+10% HP) [potion of
                  | mutation]
  4534 | D:5      | Gained mutation: You can translocate small distances at
                  | will. [potion of mutation]
  4582 | D:5      | Found an opulent altar of Gozag.
  4958 | D:6      | Lost mutation: You occasionally shout uncontrollably at
                  | your foes. [potion of mutation]
  4958 | D:6      | Lost mutation: You can translocate small distances at will.
                  | [potion of mutation]
  4958 | D:6      | Lost mutation: Your magical capacity is low. (-10% MP)
                  | [potion of mutation]
  4958 | D:6      | Gained mutation: You are somewhat resistant to further
                  | mutation. [potion of mutation]
  4965 | D:6      | Noticed Grinder
  4997 | D:6      | Killed Grinder
  5136 | D:6      | Reached skill level 7 in Shields
  5150 | D:6      | Reached *** piety under Okawaru
  5150 | D:6      | Reached XP level 9. HP: 82/82 MP: 8/8
  5196 | D:6      | Found a runed translucent door.
  5197 | D:6      | Noticed Crazy Yiuf
  5202 | D:6      | Killed Crazy Yiuf
  5434 | D:6      | Noticed Menkaure
  5441 | D:6      | Killed Menkaure
  5719 | D:7      | Reached skill level 8 in Shields
  5936 | D:7      | Found a white marble altar of Elyvilon.
  6104 | D:7      | Reached **** piety under Okawaru
  6273 | D:7      | Reached skill level 10 in Long Blades
  6306 | D:7      | Reached skill level 9 in Shields
  6859 | D:7      | Found a staircase to the Ecumenical Temple.
  6865 | Temple   | Entered the Ecumenical Temple
  7127 | D:8      | Found a staircase to the Lair.
  7192 | D:8      | Reached XP level 10. HP: 65/94 MP: 6/9
  7200 | D:8      | Reached skill level 1 in Stealth
  7216 | D:8      | Reached ***** piety under Okawaru
  7216 | D:8      | Reached skill level 1 in Evocations
  7405 | D:8      | Noticed Pikel
  7417 | D:8      | Killed Pikel
  7547 | D:8      | Found a stormy altar of Qazlal.
  7798 | D:8      | Found an iron altar of Okawaru.
  8181 | D:9      | Noticed Psyche
  8202 | D:9      | Killed Psyche
  8202 | D:9      | Reached skill level 10 in Shields
  8399 | D:9      | Received a gift from Okawaru
  8443 | D:9      | Found a glowing silver altar of Zin.
  8748 | D:9      | Noticed a two-headed ogre
  8758 | D:9      | Killed a two-headed ogre
  8758 | D:9      | Received a gift from Okawaru
  8758 | D:9      | Reached skill level 5 in Dodging
  8759 | D:9      | Found the +8 demon blade "Leech" {vamp, rN+ AC-3 EV-3}
  9064 | D:10     | Entered Level 10 of the Dungeon
  9135 | D:10     | Noticed Urug
  9152 | D:10     | Killed Urug
  9152 | D:10     | Reached XP level 11. HP: 95/104 MP: 7/10
  9192 | D:10     | Received a gift from Okawaru
  9195 | D:10     | Got an ancient plate armour {god gift}
  9206 | D:10     | Identified the +4 plate armour of Tulips {-Cast Str+6
                  | Int+3} (Okawaru gifted it to you on level 10 of the
                  | Dungeon)
  9651 | D:10     | Noticed Josephine
  9671 | D:10     | Killed Josephine
  9671 | D:10     | Reached ****** piety under Okawaru
  9724 | D:10     | Found a staircase to the Orcish Mines.
  9945 | D:11     | Noticed Harold
  9960 | D:11     | Killed Harold
  9960 | D:11     | Reached skill level 11 in Shields
  9962 | D:11     | Noticed a fire dragon
  9992 | D:11     | Killed a fire dragon
 10011 | D:11     | Got a translucent ring mail
 10022 | D:11     | Identified the +1 ring mail of the Cricket {rN+ Regen+
                  | MP-9} (You found it on level 11 of the Dungeon)
 10101 | D:11     | Found the +7 great mace "Firestarter" {inner flame, rF++}
 10150 | D:11     | Noticed Fannar
 10173 | D:11     | Killed Fannar
 10193 | D:11     | Received a gift from Okawaru
 10397 | D:11     | Reached skill level 12 in Shields
 10629 | D:11     | Reached XP level 12. HP: 116/116 MP: 11/11
 10879 | D:12     | Noticed a two-headed ogre
 10886 | D:12     | Killed a two-headed ogre
 10886 | D:12     | Reached skill level 10 in Fighting
 10955 | D:12     | Noticed a two-headed ogre
 10965 | D:12     | Killed a two-headed ogre
 11166 | D:12     | Noticed a four-headed hydra
 11178 | D:12     | Killed a four-headed hydra
 11503 | D:12     | Noticed a death knight
 11527 | D:12     | Reached skill level 10 in Armour
 11527 | D:12     | Reached skill level 13 in Shields
 11534 | D:12     | Killed a death knight
 11983 | D:13     | Noticed a two-headed ogre
 11988 | D:13     | Killed a two-headed ogre
 11988 | D:13     | Received a gift from Okawaru
 12179 | D:13     | Noticed a centaur warrior
 12188 | D:13     | Killed a centaur warrior
 12209 | D:13     | Reached XP level 13. HP: 127/127 MP: 12/12
 12356 | D:13     | Found a basalt altar of Yredelemnul.
 12460 | D:13     | Noticed Nessos
 12466 | D:13     | Killed Nessos
 12466 | D:13     | Received a gift from Okawaru
 12492 | D:13     | Reached skill level 14 in Shields
 12494 | D:13     | Received a gift from Okawaru
 12497 | D:13     | Got a pair of scorched gloves {god gift}
 12508 | D:13     | Identified the +2 pair of gloves of Untold Secrets {Int+7}
                  | (Okawaru gifted it to you on level 13 of the Dungeon)
 12521 | D:13     | Learned a level 1 spell: Summon Small Mammal
 12523 | D:13     | Learned a level 1 spell: Magic Dart
 12557 | D:13     | Found a gate to the Vaults.
 12568 | D:13     | Reached skill level 15 in Long Blades
 13679 | D:15     | Entered Level 15 of the Dungeon
 14547 | D:14     | Reached skill level 15 in Shields
 15007 | D:15     | Found a runed translucent door.
 15022 | D:15     | Received a gift from Okawaru
 15027 | D:15     | Reached XP level 14. HP: 113/139 MP: 7/13
 15081 | D:15     | Noticed Foonlieted's ghost (amateur MiGl)
 15089 | D:15     | Killed Foonlieted's ghost
 15588 | D:15     | Found a staircase to the Depths.
 15784 | Orc:1    | Entered Level 1 of the Orcish Mines
 15820 | Orc:1    | Received a gift from Okawaru
 15870 | Orc:1    | Noticed Erica
 15874 | Orc:1    | Killed Erica
 15960 | Orc:1    | You fall into a shaft and drop 1 floor!
 15960 | Orc:2    | Entered Level 2 of the Orcish Mines
 16191 | Orc:2    | Noticed Snorg
 16196 | Orc:2    | Reached skill level 16 in Shields
 16207 | Orc:2    | Killed Snorg
 16307 | Orc:2    | Found a staircase to the Elven Halls.
 16462 | Orc:2    | Found Cichy's Antique Weapon Boutique.
 16485 | Orc:2    | Found an ancient bone altar of Kikubaaqudgha.
 16486 | Orc:2    | Noticed Nergalle
 16492 | Orc:2    | Found Axuotih's Gadget Boutique.
 16501 | Orc:2    | Killed Nergalle
 16539 | Orc:2    | Noticed Erolcha
 16549 | Orc:2    | Found a radiant altar of Vehumet.
 16554 | Orc:2    | Killed Erolcha
 16605 | Orc:2    | Found a roughly hewn altar of Beogh.
 16605 | Orc:2    | Found Cash's Distillery.
 16689 | Orc:2    | Found Vawkov's Magic Scroll Shop.
 16697 | Orc:2    | Bought a scroll of enchant armour for 105 gold pieces
 16739 | Orc:2    | Found Ijussoew's Book Shop.
 16947 | Elf:1    | Entered Level 1 of the Elven Halls
 16995 | Elf:1    | Received a gift from Okawaru
 16998 | Elf:1    | Got a smoking broad axe {god gift}
 17256 | Elf:1    | Identified the +6 broad axe of Defoedgh {drain, Str+2}
                  | (Okawaru gifted it to you on level 1 of the Elven Halls)
 17404 | Elf:1    | Reached skill level 5 in Throwing
 17404 | Elf:1    | Reached XP level 15. HP: 84/150 MP: 6/15
 17610 | Elf:1    | Reached skill level 17 in Shields
 17738 | Elf:1    | Received a gift from Okawaru
 17750 | Elf:1    | Got a scorched hand crossbow {god gift}
 17974 | Elf:1    | Noticed an Ice Fiend
 17975 | Elf:1    | Cast into level 2 of the Abyss (a deep elf demonologist)
 18008 | Abyss:2  | Paralysed by accursed screaming for 1 turns
 18042 | Abyss:2  | Paralysed by accursed screaming for 1 turns
 18268 | Abyss:2  | Noticed a daeva
 18273 | Abyss:2  | Noticed a Tzitzimitl
 18303 | Abyss:2  | Killed a daeva
 18354 | Abyss:2  | Noticed a tentacled starspawn
 18476 | Abyss:2  | Paralysed by accursed screaming for 1 turns
 18699 | Abyss:2  | Paralysed by accursed screaming for 1 turns
 18703 | Abyss:2  | Paralysed by accursed screaming for 2 turns
 18708 | Elf:1    | Escaped the Abyss
 18709 | Elf:1    | Noticed a Brimstone Fiend
 18709 | Elf:1    | Noticed a Tzitzimitl
 18815 | Elf:1    | Received a gift from Okawaru
 19191 | Elf:1    | Received a gift from Okawaru
 19336 | Elf:1    | Found a runed translucent gate.
 19336 | Elf:1    | Found a runed translucent gate.
 19336 | Elf:1    | Found a runed translucent gate.
 19336 | Elf:1    | Found a runed translucent gate.
 19336 | Elf:1    | Found a runed translucent gate.
 19352 | Elf:1    | Noticed a storm dragon
 19352 | Elf:1    | Noticed an iron dragon
 19353 | Elf:1    | Found a runed translucent gate.
 19434 | Elf:1    | Killed an iron dragon
 19516 | Elf:1    | Killed a storm dragon
 19516 | Elf:1    | Reached skill level 18 in Shields
 19646 | Elf:1    | Noticed a deep elf sorcerer
 19657 | Elf:1    | Killed a deep elf sorcerer
 20130 | Elf:2    | Reached skill level 15 in Fighting
 20195 | Elf:2    | Received a gift from Okawaru
 20200 | Elf:2    | Got a pitted long sword {god gift}
 20203 | Elf:2    | Identified the +9 long sword of Revolt {slice, Dex+3}
                  | (Okawaru gifted it to you on level 2 of the Elven Halls)
 20205 | Elf:2    | Found Rusiph's Food Shop.
 20254 | Elf:2    | Reached XP level 16. HP: 113/163 MP: 8/16
 20278 | Elf:2    | Found Veafecinui's Gadget Shop.
 20344 | Elf:2    | Identified the +3 hand crossbow of Inie {freeze, rPois rF+
                  | Str+7} (Okawaru gifted it to you on level 1 of the Elven
                  | Halls)
 20669 | Elf:2    | Found a runed translucent gate.
 20669 | Elf:2    | Found a runed translucent gate.
 20669 | Elf:2    | Found a runed translucent gate.
 20775 | Elf:2    | Received a gift from Okawaru
 20792 | Elf:2    | Got a pitted triple sword {god gift}
 20796 | Elf:2    | Reached skill level 19 in Shields
 21489 | Lair:1   | Entered Level 1 of the Lair of Beasts
 21689 | Lair:1   | Identified the Catalogue of Frigorific Darkness
 22850 | Lair:3   | Found a runed translucent door.
 22850 | Lair:3   | Noticed Dyst's ghost (journeyman GrFi)
 22869 | Lair:3   | Found a staircase to the Snake Pit.
 22907 | Lair:3   | Found a frozen archway.
 22951 | IceCv    | Entered an ice cave
 23237 | IceCv    | Received a gift from Okawaru
 23764 | Lair:3   | Got an aquamarine-encrusted ring mail
 23775 | Lair:3   | Identified the cursed +0 ring mail of the Red Skies {rF++}
                  | (You found it on level 3 of the Lair of Beasts)
 23964 | Lair:3   | Killed Dyst's ghost
 23964 | Lair:3   | Received a gift from Okawaru
 23967 | Lair:3   | Got a brightly glowing falchion {god gift}
 23968 | Lair:3   | Identified the +3 falchion of Teshri Qugokh {venom, rPois
                  | Str-3 Int+3} (Okawaru gifted it to you on level 3 of the
                  | Lair of Beasts)
 23976 | Lair:3   | Identified the +2 triple sword of Pride {protect, +Blink
                  | Str+5} (Okawaru gifted it to you on level 2 of the Elven
                  | Halls)
 24407 | Lair:4   | Found a staircase to the Swamp.
 24866 | Lair:4   | Found the ring of the Octopus King
 24884 | Lair:4   | You are sucked into a shaft and drop 1 floor!
 24964 | Lair:4   | Got a ring of the Octopus King
 25090 | Lair:4   | Identified a ring of the Octopus King {rC+ AC+1 EV+1 Str+1
                  | Int+1 Dex+1} (You found it on level 4 of the Lair of
                  | Beasts)
 25675 | Lair:5   | Reached XP level 17. HP: 167/173 MP: 17/17
 25678 | Lair:5   | Received a gift from Okawaru
 26193 | Lair:6   | Entered Level 6 of the Lair of Beasts
 26426 | Lair:6   | Reached skill level 20 in Shields
 26487 | Lair:6   | Found a staircase to the Slime Pits.
 26487 | Lair:6   | Found a viscous altar of Jiyva.
 26546 | Lair:6   | Identified a scroll of acquirement
 26547 | Lair:6   | Got a scintillating granite ring
 26551 | Lair:6   | Identified the ring of Ahargh {*Slow rPois Str+7 Slay+4
                  | SInv} (You acquired it on level 6 of the Lair of Beasts)
 26973 | Lair:6   | Received a gift from Okawaru
 27012 | Lair:6   | Got a jewelled war axe
 27029 | Lair:6   | Identified the +2 war axe of Wacwoclan {chop, Str+6} (You
                  | found it on level 6 of the Lair of Beasts)
 27498 | Elf:3    | Entered Level 3 of the Elven Halls
 27925 | Elf:3    | Received a gift from Okawaru
 28110 | Elf:3    | Noticed a deep elf master archer
 28522 | Elf:3    | Identified the +5 broad axe "Minotaur's Death" {freeze, rN+
                  | Str+2}
 28565 | Elf:3    | Noticed a deep elf blademaster
 28569 | Elf:3    | Noticed a deep elf master archer
 28571 | Elf:3    | Identified the +4 scale mail of Paranoia {rElec rF+ MR-
                  | Int+3}
 28574 | Elf:3    | Identified the +6 battleaxe "Moxkun" {freeze, +Inv}
 28591 | Elf:3    | Killed a deep elf master archer
 28593 | Elf:3    | Killed a deep elf master archer
 28607 | Elf:3    | Killed a deep elf blademaster
 28607 | Elf:3    | Reached skill level 21 in Shields
 28614 | Elf:3    | Received a gift from Okawaru
 28620 | Elf:3    | Reached skill level 15 in Armour
 28907 | Elf:3    | Identified the +5 glaive "Ixaig" {chop, MR+ Str-5 Int+4
                  | SInv}
 28981 | Elf:3    | Identified the +6 dagger of Nih Woadd {distort, MR+ Str+5
                  | Int-5}
 28997 | Elf:3    | Reached XP level 18. HP: 143/184 MP: 12/18
 28999 | Elf:3    | Identified the +7 shortbow of Demonkind {velocity, rElec
                  | Int+2}
 29014 | Elf:3    | Noticed an Ice Fiend
 29483 | Elf:3    | Noticed Bai Suzhen
 29500 | Elf:3    | Killed Bai Suzhen
 29500 | Elf:3    | Reached skill level 1 in Invocations
 29600 | Elf:3    | Received a gift from Okawaru
 29766 | Elf:3    | Cast into level 3 of the Abyss (a deep elf sorcerer)
 29829 | Elf:3    | Escaped the Abyss
 30232 | Elf:3    | Identified the Tome of the Escort
 30788 | Snake:1  | Entered Level 1 of the Snake Pit
 30788 | Snake:1  | Found a flickering gateway to a bazaar.
 30793 | Bazaar   | Entered a bazaar
 30811 | Bazaar   | Found Bumoz's General Store.
 30836 | Bazaar   | Found Ahoxuhi's Magic Scroll Emporium.
 30843 | Bazaar   | Bought a scroll of enchant armour for 82 gold pieces
 30851 | Bazaar   | Got a steaming iron ring
 30852 | Bazaar   | Identified the ring "Omy Fel" {-Tele +Inv AC+1 Str+4 Dex+8}
                  | (You acquired it in a bazaar)
 30878 | Bazaar   | Found Reatsuafry's Assorted Antiques.
 30929 | Snake:1  | Found Buda's Food Shop.
 31006 | Snake:1  | Found Xiajuyqy's Antique Armour Shop.
 31361 | Snake:1  | Reached skill level 22 in Shields
 31370 | Snake:1  | Found Omiw's Magic Scroll Shop.
 31871 | Snake:1  | Noticed Aizul
 31880 | Snake:1  | Killed Aizul
 31880 | Snake:1  | Received a gift from Okawaru
 31898 | Snake:1  | Found Ywycso's Magic Scroll Shop.
 31916 | Snake:1  | Bought a scroll of enchant armour for 97 gold pieces
 31916 | Snake:1  | Bought a scroll of summoning for 123 gold pieces
 32379 | Snake:2  | Found Coich's Jewellery Shoppe.
 32382 | Snake:2  | Found Sokhlergh's General Store.
 32382 | Snake:2  | Found Xoutec's Gadget Emporium.
 32386 | Snake:2  | Found Qiacuofe's Assorted Antiques.
 32403 | Snake:2  | Bought a pair of dazzling boots for 266 gold pieces
 32407 | Snake:2  | Identified the cursed +0 pair of boots of a volcano {MR+}
                  | (You bought it in a shop on level 2 of the Snake Pit)
 33298 | Snake:2  | Received a gift from Okawaru
 33479 | Snake:3  | Found Zyut's Assorted Antiques.
 33499 | Snake:3  | Reached XP level 19. HP: 196/196 MP: 19/19
 34201 | Snake:4  | Entered Level 4 of the Snake Pit
 34240 | Snake:4  | Reached skill level 23 in Shields
 34325 | Snake:4  | Noticed Kirke
 34338 | Snake:4  | Killed Kirke
 34363 | Snake:4  | Found Hiteno Xedya's Book Shop.
 34371 | Snake:4  | Noticed Louise
 34372 | Snake:4  | Cast into level 3 of the Abyss (Louise)
 34375 | Abyss:3  | Gained mutation: Your body sometimes deteriorates upon
                  | taking damage. [a cacodemon]
 34377 | Abyss:3  | Found a transporter.
 34378 | Abyss:3  | Noticed an ancient lich
 34406 | Abyss:3  | Killed an ancient lich
 34514 | Abyss:3  | Found a transporter.
 34515 | Abyss:3  | Got an abyssal rune of Zot
 34555 | Abyss:3  | Found a corrupted altar of Lugonu.
 34731 | Snake:4  | Escaped the Abyss
 34753 | Snake:4  | Cast into level 2 of the Abyss (Louise)
 34753 | Crypt:3  | Entered Level 3 of the Crypt
 34851 | Abyss:2  | Received a gift from Okawaru
 34882 | Snake:4  | Escaped the Abyss
 34897 | Snake:4  | Killed Louise
 35300 | Snake:4  | Found a blossoming altar of Fedhas.
 36061 | Snake:4  | Reached skill level 24 in Shields
 36102 | Snake:4  | Reached XP level 20. HP: 192/207 MP: 17/20
 36224 | Snake:4  | Received a gift from Okawaru
 36443 | Snake:4  | Got a serpentine rune of Zot
 36675 | Swamp:1  | Entered Level 1 of the Swamp
 37535 | Swamp:2  | Noticed Jorgrun
 37552 | Swamp:2  | Killed Jorgrun
 37839 | Swamp:2  | Received a gift from Okawaru
 38331 | Swamp:3  | Received a gift from Okawaru
 38384 | Swamp:3  | Reached skill level 25 in Shields
 38640 | Swamp:4  | Entered Level 4 of the Swamp
 38967 | Swamp:4  | Got a decaying rune of Zot
 39479 | Slime:1  | Entered Level 1 of the Pits of Slime
 39491 | Slime:1  | Gained mutation: You are weak. (Str -2) [a shining eye]
 39495 | Slime:1  | Gained mutation: You occasionally shout uncontrollably at
                  | your foes. [a shining eye]
 40119 | Slime:3  | Reached XP level 21. HP: 217/217 MP: 16/21
 40341 | Slime:4  | Received a gift from Okawaru
 40969 | Slime:3  | Received a gift from Okawaru
 41186 | Slime:2  | Mangled by an acid blob

Levels and vault maps discovered:
D:1:      lightli_arrival_statue_moat, layout_loops_ring
D:2:      layout_loops_ring, nicolae_overflow_hidden_temple, uniq_jessica
D:3:      layout_basic, okawaru_gym_becter
D:4:      layout_cave_pools, gammafunk_ghost_necromancy, first_ration,
          gup_sewer_entry_pipe
D:5:      layout_basic, kennysheep_little_box, basic_altar, uniq_ijyb
D:6:      layout_cave_pools, uniq_crazy_yiuf_cottage, uniq_grinder,
          uniq_menkaure
D:7:      layout_loops_ring, nicolae_overflow_crystal_walls,
          minmay_temple_entry_enclosed_plants
D:8:      layout_loops_ring, marbit_many_paths, dpeg_oklobed_lair, basic_altar,
          uniq_pikel
D:9:      layout_loops_cross, zin_academy, uniq_psyche
D:10:     wad_cavern_with_rooms, layout_basic, hiddenorc1_lemuel,
          grunt_ogre_cave, uniq_urug, uniq_josephine
D:11:     minmay_firetagon, layout_rooms, special_room [special_room_bee],
          uniq_harold, uniq_fannar
D:12:     layout_gridville, minmay_librarian
D:13:     layout_long_grid, david_vaults_1, basic_altar, uniq_nessos
D:14:     layout_cave_pods, minivault_14, kennysheep_flooded_box, st_stairs_7
D:15:     grunt_enter_depths_magical_seal, layout_layer_cave,
          ebering_ghost_reflecting_pool
Temple:   nicolae_temple_figure_eight
Lair:1:   layout_gridlike
Lair:2:   layout_roguey, lemuel_fruit_tree
Lair:3:   layout_gridlike, guppyfry_snake_entry_island,
          hellmonk_ghost_happy_afterlife, gauntlet_entry_generic,
          portal_ice_cave_demonic_guard, lemuel_fruit_fields
Lair:4:   layout_roguey, swamp_mist, serial_rivers,
          chequers_serial_rivers_large_b, chequers_serial_rivers_large_a,
          chequers_serial_rivers_small_3, chequers_serial_rivers_micro_c,
          chequers_serial_rivers_micro_b, chequers_serial_rivers_micro_a
Lair:5:   layout_loops_ring
Lair:6:   grunt_lair_end_beastmaster, layout_loops_ring, slime_altar_1,
          grunt_megastairs_1
Swamp:1:  layout_basic_swamp, evilmike_swamp_ruin_house_2,
          infiniplex_staircase_pool
Swamp:2:  layout_basic_swamp, evilmike_swamp_ruin_house_4, swamp_pool4,
          uniq_jorgrun
Swamp:3:  layout_falls_marsh, nicolae_swamp_dense_foliage
Swamp:4:  swamp, layout_basic_swamp, swamp_pool5
Snake:1:  layout_layer_cave, serial_shops, bzr_entry_water, shop,
          nicolae_shop_statue_plus, nicolae_shop_behind_doors,
          nicolae_shop_waterfront, grunt_ministairs_3, uniq_aizul
Snake:2:  layout_chambers, grunt_megastairs_2, minmay_shoptagon
Snake:3:  layout_misc_corridors, serial_shops, nicolae_shop_statue_plus
Snake:4:  snake_pit_salamanders_mu, layout_onion_interference, serial_shops,
          nicolae_shop_waterfront, basic_altar, uniq_louise, uniq_kirke
Slime:1:  layout_caves
Slime:2:  layout_caves
Slime:3:  layout_caves
Slime:4:  cheibrodos_slime_lost_civilization_8, layout_caves
Orc:1:    layout_diamond_mine, minmay_orc_barracks, uniq_erica
Orc:2:    kennysheep_orc_mage_school, layout_diamond_mine, serial_shops,
          nicolae_shop_temple_entry_statues_fountains, abandoned_shop,
          uniq_snorg, uniq_erolcha
Elf:1:    elf_arrival_002, layout_onion_city, orc_legates
Elf:2:    layout_geoelf_diagonals, minmay_shop_star
Elf:3:    minmay_elf_hall_x, layout_loops_corners, grunt_megastairs_4,
          uniq_bai_suzhen

Skill      XL: |  1  2  3  4  5  6  7  8  9 10 11 12 13 14 15 16 17 18 19 20 21 |
---------------+----------------------------------------------------------------+-----
Fighting       | 4 5 6 7 8 9 11 12 13 15 16 17 18 19 | 19.6
Armour         | 4 5 6 7 8 9 10 11 12 13 14 15 16 | 16.7
Shields        | 4 5 6 7 9 10 12 13 15 16 18 19 21 22 24 25 | 25.9
Long Blades    | 3 4 5 7 9 10 12 13 14 15 16 17 18 19 20 | 20.9
Dodging        | 1 2 3 4 5 6 7 8 |  8.0
Throwing       | 2 3 4 5 6 7 |  7.2
Stealth        | 1 2 |  2.7
Evocations     | 1 |  1.5
Invocations    | 1 |  1.5

Action                   |  1- 3 |  4- 6 |  7- 9 | 10-12 | 13-15 | 16-18 | 19-21 || total
-------------------------+-------+-------+-------+-------+-------+-------+-------++-------
Melee: Long sword        |    58 |   215 |   355 |   135 |     4 |       |       ||   767
       Headbutt          |    12 |    27 |    73 |   132 |   289 |   441 |   517 ||  1491
       Demon blade       |       |       |       |   447 |  1194 |  1448 |  1371 ||  4460
Throw: Dart              |       |     4 |    15 |     1 |     3 |     3 |       ||    26
       Javelin           |       |       |    10 |    20 |    42 |    47 |       ||   119
Invok: Heroism           |       |       |       |     2 |     2 |     5 |     2 ||    11
       Finesse           |       |       |       |       |       |     1 |     1 ||     2
Evoke: Wand              |       |       |     9 |     1 |     1 |       |       ||    11
       Phantom mirror    |       |       |       |       |       |     1 |       ||     1
  Use: Scroll            |       |     6 |    10 |     7 |    10 |    27 |     9 ||    69
       Potion            |       |       |     3 |       |     7 |     3 |     5 ||    18
 Stab: Petrified         |       |       |       |       |       |     6 |       ||     6
       Sleeping          |       |       |       |       |       |       |     1 ||     1
       Confused          |       |       |       |       |       |       |     1 ||     1
  Eat: Chunk             |       |     7 |    12 |    18 |     5 |    16 |     5 ||    63
       Ration            |       |       |     1 |     1 |     6 |     8 |     7 ||    23
Armor: Scale mail        |    19 |     6 |    32 |       |       |       |       ||    57
       Quicksilver drago |       |    99 |   105 |    57 |       |       |       ||   261
       Plate armour      |       |       |       |   279 |   613 |   340 |   392 ||  1624
       Skin              |       |       |       |       |    12 |       |       ||    12
Dodge: Dodged            |    20 |   100 |   113 |   204 |   271 |   186 |   240 ||  1134
Block: Shield            |    26 |   133 |   186 |   476 |   729 |       |       ||  1550
       Large shield      |       |       |       |       |   337 |  1737 |  1979 ||  4053
       Rpst.: Long sword |     6 |    28 |    27 |    16 |       |       |       ||    77
       Demon blade       |       |       |       |    39 |    53 |    33 |    37 ||   162

Table legend:
 A = Non-vault XP
 B = Vault XP
 C = Vault XP percentage of total XP
 D = Non-vault monster count
 E = Vault monster count
 F = Vault count percentage of total count
                 A         B        C        D         E       F
            +---------+---------+-------+---------+---------+-------
      Total |  378946 |  237079 |  38.5 |    1128 |     417 |  27.0
            +---------+---------+-------+---------+---------+-------
        D:1 |      37 |       0 |   0.0 |      13 |       0 |   0.0
        D:2 |     150 |      37 |  19.8 |      32 |       1 |   3.0
        D:3 |      82 |       0 |   0.0 |      19 |       0 |   0.0
        D:4 |     589 |     419 |  41.6 |      27 |      11 |  28.9
        D:5 |     528 |      39 |   6.9 |      14 |       1 |   6.7
        D:6 |    1089 |     473 |  30.3 |      23 |       3 |  11.5
        D:7 |    1401 |       0 |   0.0 |      33 |       0 |   0.0
        D:8 |    2026 |     635 |  23.9 |      22 |       2 |   8.3
        D:9 |    2105 |     418 |  16.6 |      15 |       1 |   6.2
       D:10 |    1606 |    3377 |  67.8 |      22 |      28 |  56.0
       D:11 |    1085 |    5703 |  84.0 |      16 |      32 |  66.7
       D:12 |   10036 |     630 |   5.9 |      47 |       1 |   2.1
       D:13 |    7955 |    4275 |  35.0 |      25 |       5 |  16.7
       D:14 |    9780 |     549 |   5.3 |      28 |       1 |   3.4
       D:15 |   13597 |    3711 |  21.4 |      44 |       9 |  17.0
     Lair:1 |    1971 |       0 |   0.0 |      13 |       0 |   0.0
     Lair:2 |    3258 |       0 |   0.0 |      10 |       0 |   0.0
     Lair:3 |    6916 |    2167 |  23.9 |      29 |       5 |  14.7
     Lair:4 |   12929 |       0 |   0.0 |      37 |       0 |   0.0
     Lair:5 |    2224 |       0 |   0.0 |       6 |       0 |   0.0
     Lair:6 |   12561 |    9140 |  42.1 |      39 |      18 |  31.6
    Swamp:1 |   13144 |       0 |   0.0 |      26 |       0 |   0.0
    Swamp:2 |   12174 |    3113 |  20.4 |      37 |       1 |   2.6
    Swamp:3 |   13035 |       0 |   0.0 |      26 |       0 |   0.0
    Swamp:4 |   12874 |   15784 |  55.1 |      26 |      25 |  49.0
    Snake:1 |   23155 |    3123 |  11.9 |      44 |       3 |   6.4
    Snake:2 |   20839 |    1859 |   8.2 |      38 |       2 |   5.0
    Snake:3 |   20623 |       0 |   0.0 |      34 |       0 |   0.0
    Snake:4 |   20926 |   53983 |  72.1 |      42 |      72 |  63.2
    Slime:1 |   11824 |       0 |   0.0 |      12 |       0 |   0.0
    Slime:2 |    7399 |       0 |   0.0 |      10 |       0 |   0.0
    Slime:3 |   15696 |       0 |   0.0 |      36 |       0 |   0.0
    Slime:4 |   14457 |       0 |   0.0 |      28 |       0 |   0.0
      Orc:1 |    3620 |    1318 |  26.7 |      24 |       8 |  25.0
      Orc:2 |    6919 |    8789 |  56.0 |      65 |      34 |  34.3
      Elf:1 |   22996 |   21885 |  48.8 |      37 |      38 |  50.7
      Elf:2 |   14746 |   20786 |  58.5 |      24 |      27 |  52.9
      Elf:3 |   30741 |   56082 |  64.6 |      49 |      39 |  44.3
    Abyss:2 |   11967 |       0 |   0.0 |      35 |       0 |   0.0
    Abyss:3 |    9886 |   13288 |  57.3 |      21 |       6 |  22.2
      Sewer |       0 |     180 | 100.0 |       0 |      21 | 100.0
      IceCv |       0 |    5316 | 100.0 |       0 |      23 | 100.0
            +---------+---------+-------+---------+---------+-------
